 Dungeon Crawl Stone Soup version 0.31-a0-426-g3a05650e59 (webtiles) character file.

Game seed: 1158222607708028537

16967 Ofeo the Fighter (level 12, -1/100 HPs)
             Began as a Demonspawn Shapeshifter on July 30, 2023.
             Was an Elder of Wu Jian.
             Killed from afar by an efreet (11 damage)
             ... with a fireball
             ... on level 11 of the Dungeon.
             The game lasted 00:20:32 (16864 turns).

Ofeo the Fighter (Demonspawn Shapeshifter)         Turns: 16864, Time: 00:20:32

Health: -1/100     AC: 11    Str: 27    XL:     12   Next: 14%
Magic:  0/12       EV: 16    Int:  9    God:    Wu Jian [****..]
Gold:   645        SH:  0    Dex: 17    Spells: 11/11 levels left

rFire   . . .        F - +9 quarterstaff "Ofeo's Regret" {venom, Dex+3}
rCold   + + .        (shield currently unavailable)
rNeg    . . .        i - +1 plate armour {rC+}
rPois   .            (helmet currently unavailable)
rElec   .            (cloak unavailable)
rCorr   .            (gloves currently unavailable)
SInv    .            (boots currently unavailable)
Will    .....        u - amulet of guardian spirit Stlth
                     a - +5 ring of evasion
HPRegen 0.36/turn    C - ring "Usunwaer" {rC+ Str+6}
MPRegen 0.13/turn

%: guardian spirit
@: beast-form
A: beast (slay +6), claws 1, horns 1, spiny 1, weakness stinger 3
a: Begin Untransformation, Renounce Religion, Wall Jump, Serpent's Lash


You were on level 11 of the Dungeon.
You worshipped Wu Jian.
Wu Jian was greatly pleased with you.
You were a hulking beast.
You visited 2 branches of the dungeon, and saw 12 of its levels.

You collected 645 gold pieces.

Inventory:

Hand Weapons
 F - the +9 quarterstaff "Ofeo's Regret" (weapon) {venom, Dex+3}
   (You found it on level 10 of the Dungeon)

   Dex:       It affects your dexterity (+3).
Missiles
 l - 7 curare-tipped darts
 m - 2 silver javelins
 B - 3 throwing nets
Armour
 i - a +1 plate armour of cold resistance (worn)
 n - a +0 troll leather armour
Jewellery
 a - a +5 ring of evasion (left claw)
 e - a ring of willpower
 f - a ring of ice
 j - a ring of protection from fire
 p - a +5 ring of evasion
 t - a +6 ring of strength
 u - an amulet of guardian spirit (around neck)
 C - the ring "Usunwaer" (right claw) {rC+ Str+6}
   (You took it off a centaur warrior on level 11 of the Dungeon)

   [ring of strength]

   Str:       It affects your strength (+6).
   rC:        It protects you from cold.
Talismans
 c - a beast talisman (active)
Wands
 q - a wand of quicksilver (3)
 w - a wand of paralysis (7)
 x - a wand of digging (6) {@v1}
 z - a wand of iceblast (6) {@v4}
Scrolls
 d - 2 scrolls of teleportation {@r3}
 o - a scroll of revelation
 r - 4 scrolls of noise
 s - 2 scrolls of blinking {@r4}
 v - a scroll of immolation
 y - a scroll of brand weapon
Potions
 b - 2 potions of brilliance
 g - 4 potions of cancellation
 h - 3 potions of heal wounds {@q2}
 k - 2 potions of lignification
 A - 2 potions of enlightenment
 E - 2 potions of magic {unknown}
Miscellaneous
 D - a phial of floods


   Skills:
 + Level 11.0 Fighting
 - Level 4.0 Maces & Flails
 + Level 10.1 Dodging
 + Level 5.8 Unarmed Combat
 + Level 8.9 Shapeshifting


You had 11 spell levels left.
You didn't know any spells.
Your spell library contained the following spells:

 Spells                   Type           Power      Damage    Failure   Level
 Apportation              Tloc           0%         N/A       100%        1
 Freeze                   Ice            0%         1d3       100%        1
 Magic Dart               Conj           0%         1d3       100%        1
 Necrotise                Necr           0%         1d4       100%        1
 Summon Small Mammal      Summ           0%         N/A       100%        1
 Call Imp                 Summ           0%         N/A       100%        2
 Frozen Ramparts          Ice            0%         1d1       100%        3
 Hailstorm                Conj/Ice       0%         3d3       100%        3
 Mephitic Cloud           Conj/Pois/Air  0%         N/A       100%        3
 Ozocubu's Armour         Ice            0%         N/A       100%        3
 Stone Arrow              Conj/Erth      0%         3d7       100%        3
 Animate Armour           Summ/Erth      0%         N/A       100%        4
 Summon Ice Beast         Ice/Summ       0%         N/A       100%        4
 Alistair's Intoxication  Tmut/Pois      0%         N/A       100%        5
 Metabolic Englaciation   Hex/Ice        0%         N/A       100%        5
 Simulacrum               Ice/Necr       0%         N/A       100%        6
 Lehudib's Crystal Spear  Conj/Erth      0%         10d2      100%        8


Dungeon Overview and Level Annotations

Branches:
Dungeon (11/15)            Temple (1/1) D:4            Lair (0/5) D:10
    Orc: D:9-12

Altars:
Ashenzari
Cheibriados
Dithmenos
Fedhas
Gozag
Hepliaklqana
Kikubaaqudgha
Makhleb
Nemelex Xobeh
Okawaru
Qazlal
Ru
Sif Muna
Trog
Uskayaw
Vehumet
Wu Jian
Xom
Yredelemnul

Annotations:
D:8 Gastronok
D:9 exclusion: obsidian statue


Innate Abilities, Weirdness & Mutations

You are a hulking beast.
Your limbs bulge with bestial killing power. (Slay +6)
You have sharp fingernails.
You have a pair of small horns on your head.
You are partially covered in sharp spines.
You have a sharp stinger which inflicts weakening toxins.


Message History

An efreet comes into view.
It is wielding a +4 scimitar of flaming and wearing the ring of the Saviour {Fire rElec Stlth+}.
An efreet is nearby!
An efreet is nearby!
A centaur warrior comes into view.
It is wearing the ring of the Forging Gods {SInv Stlth+}.
The efreet gestures at you. The bolt of fire hits you!!
You take 17 damage, and have 83/100 hp.
You now have 10/12 mp.
The efreet gestures at you.
The fireball explodes!
The fireball engulfs you!!
You take 17 damage, and have 66/100 hp.
You now have 7/12 mp.
You lunge at the efreet, but your attack speed is too slow for a blow to land.
The efreet misses you.
You spin and attack the efreet.
You hit the efreet but do no damage.
Your tail-slap misses the efreet.
The efreet hits you with a +4 scimitar of flaming!
The efreet burns you.
You take 14 damage, and have 52/100 hp.
You now have 6/12 mp.
You barely miss the efreet. You tail-slap the efreet!
The efreet looks weaker.
The efreet is lightly wounded.
The efreet barely misses you. The efreet is struck by your spines.
The efreet misses you.
You sock the efreet!
You headbutt the efreet, but do no damage.
The efreet is heavily wounded.
The centaur warrior wields a +0 shortbow.
The centaur warrior shoots an arrow.
The arrow completely misses you. The efreet gestures at you.
The bolt of fire hits you!!
* * * LOW HITPOINT WARNING * * *
The centaur warrior shoots an arrow.
The arrow hits you!
* * * LOW HITPOINT WARNING * * *
You take 36 damage, and have 17/100 hp.
MASSIVE DAMAGE!!
You now have 2/12 mp.
You spin and attack the efreet.
You hit the efreet but do no damage.
The efreet is poisoned.
Your headbutt misses the efreet.
The efreet is heavily wounded.
The centaur warrior shoots an arrow.
The arrow hits you!
* * * LOW HITPOINT WARNING * * *
The efreet gestures at you.
The fireball explodes!
The fireball engulfs you!
You die...

,*,*,,,,,,,,,,,...#.#.#.#...##
,*,*,,,,,,**,,,,#............####
,*,*,,*.,,,**,,,#..#.#.#..c..####
,*,,,*,#.,,*,,,###........#...###
,*,,,,,...,,,,,#.#..#.#..c#...###
,*,,,,,....,,,##.##............#.
,*,,*,*,#...,,#...#..#.#.....#.#[
*,,*,*,#.#...###.###...###.###.(#
,,,,,,,°○......Rh..c.......)..÷.#
################################)
..................,........)...).
###.#........#.....########..[...
* #................'...#.....###.
*##................###.#...#.###.
##.................###.#..<#.~##.
#................#####.#.#.#.≈≈#.
..................###....#.~)~≈≈.


You could see a centaur warrior and an efreet (very poisoned, weak).

Vanquished Creatures
  A hydra (D:11)
  A centaur warrior (D:11)
  A two-headed ogre (D:11)
  Erica (D:8)
  A mana viper (shapeshifter) (D:11)
  A deep elf pyromancer (D:11)
  A cyclops (D:11)
  3 manticores (D:11)
  A gargoyle (D:11)
  A kobold demonologist (D:11)
  A yaktaur (D:11)
  A komodo dragon (D:10)
  An unseen horror (D:11)
  An efreet (D:11)
  A freezing wraith (D:11)
  4 trolls
  A hornet (D:9)
  Grinder (D:5)
  5 shadows
  A vampire (D:11)
  Eustachio (D:5)
  3 wraiths
  3 wyverns
  10 yaks
  Grum (D:8)
  A steam dragon (D:9)
  Menkaure (D:5)
  An acid dragon (D:8)
  5 orc warriors
  3 black bears
  2 ogres
  2 wolves (D:8)
  5 centaurs
  3 phantoms
  4 kobold brigands
  Blork the orc (D:4)
  3 bullfrogs
  A gnoll sergeant (D:11)
  5 scorpions
  18 wights
  10 killer bees
  An electric eel (D:11)
  11 howler monkeys
  2 hounds
  A gnoll bouda (D:10)
  An iron imp (D:6)
  2 sleepcaps
  5 orc priests
  Jessica (D:2)
  2 iguanas
  6 orc wizards
  5 gnolls (D:10)
  8 adders
  A shadow imp (D:8)
  A white imp (D:6)
  An ufetubus (D:6)
  A worm (D:3)
  5 dart slugs
  30 orcs
  7 bats
  6 endoplasms
  3 giant cockroaches
  7 goblins
  5 hobgoblins
  23 kobolds
  3 quokkas
  4 ball pythons
  3 frilled lizards
  6 rats
263 creatures vanquished.

Vanquished Creatures (collateral kills)
  A gnoll sergeant (D:11)
1 creature vanquished.

Vanquished Creatures (others)
  An unseen horror (D:11)
  A slime creature (D:11)
2 creatures vanquished.

Grand Total: 266 creatures vanquished

Notes
Turn   | Place    | Note
-------+----------+-------------------------------------------
     0 | D:1      | Ofeo the Demonspawn Shapeshifter began the quest for the
                  | Orb.
     0 | D:1      | Reached XP level 1. HP: 15/15 MP: 1/1
   111 | D:1      | Discovered your monstrous ancestry.
   111 | D:1      | Gained mutation: You have a small tail. [demonic ancestry]
   111 | D:1      | Reached XP level 2. HP: 4/21 MP: 2/2
  1192 | D:1      | Gained mutation: You have a tail ending in a sharp stinger.
                  | [demonic ancestry]
  1192 | D:1      | Reached XP level 3. HP: 24/26 MP: 3/3
  1257 | D:1      | Found a faded altar of an unknown god.
  1318 | D:2      | Noticed Jessica
  1590 | D:2      | Killed Jessica
  1591 | D:2      | Reached skill level 2 in Fighting
  1640 | D:2      | Reached XP level 4. HP: 33/33 MP: 4/4
  2533 | D:2      | Identified the +1 robe of Woemm {Will+}
  3269 | D:3      | Reached XP level 5. HP: 38/39 MP: 5/5
  3917 | D:3      | Found an ornate altar of the Wu Jian Council.
  4253 | D:3      | Became a worshipper of the Wu Jian Council
  4347 | D:4      | Reached skill level 3 in Fighting
  4485 | D:4      | Found a staircase to the Ecumenical Temple.
  4535 | D:4      | Reached XP level 6. HP: 43/47 MP: 6/6
  4710 | D:4      | Noticed Blork the orc
  4730 | Temple   | Entered the Ecumenical Temple
  5142 | D:4      | Killed Blork the orc
  5280 | D:4      | Found a burning altar of Makhleb.
  5432 | D:4      | You fall into a shaft and drop 1 floor!
  5432 | D:5      | Entered Level 5 of the Dungeon
  5620 | D:4      | Reached skill level 4 in Fighting
  5781 | D:5      | Noticed Menkaure
  5931 | D:5      | Killed Menkaure
  5932 | D:5      | Gained mutation: You have a pair of small horns on your
                  | head. [demonic ancestry]
  5932 | D:5      | Reached XP level 7. HP: 45/55 MP: 7/7
  5977 | D:5      | Noticed Eustachio
  6110 | D:5      | Killed Eustachio
  6278 | D:5      | Noticed Grinder
  6287 | D:5      | Paralysed by Grinder for 2 turns
  6290 | D:5      | Killed Grinder
  6291 | D:5      | Reached skill level 5 in Fighting
  6291 | D:5      | Reached skill level 5 in Dodging
  6291 | D:5      | Reached XP level 8. HP: 41/62 MP: 8/8
  6401 | D:5      | Reached * piety under Wu Jian
  6637 | D:5      | Reached skill level 5 in Shapeshifting
  6967 | D:5      | Reached skill level 6 in Fighting
  6971 | D:5      | Found a radiant altar of Vehumet.
  7079 | D:6      | Found a shadowy altar of Dithmenos.
  7302 | D:6      | Found a snail-covered altar of Cheibriados.
  7593 | D:6      | Reached XP level 9. HP: 65/70 MP: 7/9
  7942 | D:6      | Reached skill level 7 in Fighting
  8299 | D:6      | Found a hide-covered altar of Uskayaw.
  8936 | D:7      | Found a stormy altar of Qazlal.
  9159 | D:7      | Reached ** piety under Wu Jian
 10468 | D:7      | Found a sparkling altar of Nemelex Xobeh.
 10688 | D:8      | Reached skill level 8 in Fighting
 10897 | D:8      | Noticed Grum
 10909 | D:8      | Killed Grum
 11544 | D:8      | Noticed Gastronok
 11758 | D:8      | Gained mutation: You are partially covered in sharp spines.
                  | [demonic ancestry]
 11758 | D:8      | Reached XP level 10. HP: 72/82 MP: 8/10
 11761 | D:8      | Reached skill level 1 in Maces & Flails
 11945 | D:8      | Noticed Erica
 12050 | D:8      | Killed Erica
 12467 | D:8      | Identified the +8 sling of Analysis {freeze, rN++}
 12747 | D:9      | Found a basalt altar of Yredelemnul.
 13115 | D:9      | Reached skill level 9 in Fighting
 13649 | D:9      | Reached *** piety under Wu Jian
 13845 | D:9      | Noticed an obsidian statue
 14312 | D:10     | Entered Level 10 of the Dungeon
 14520 | D:10     | Gained mutation: You have sharp fingernails. [demonic
                  | ancestry]
 14520 | D:10     | Reached XP level 11. HP: 79/89 MP: 9/11
 14828 | D:10     | Found a staircase to the Lair.
 14838 | D:10     | Identified the +9 quarterstaff "Ofeo's Regret" {venom,
                  | Dex+3}
 15077 | D:10     | Found a bloodstained altar of Trog.
 15269 | D:10     | Found a shimmering altar of Xom.
 15405 | D:11     | Reached **** piety under Wu Jian
 15416 | D:11     | Reached skill level 10 in Fighting
 15689 | D:11     | Noticed a two-headed ogre
 15701 | D:11     | Killed a two-headed ogre
 15833 | D:11     | Reached skill level 5 in Unarmed Combat
 15983 | D:11     | Noticed a mana viper
 15992 | D:11     | Killed a mana viper
 16014 | D:11     | Noticed a deep elf pyromancer
 16036 | D:11     | Killed a deep elf pyromancer
 16501 | D:11     | Noticed a five-headed hydra
 16514 | D:11     | Killed a five-headed hydra
 16515 | D:11     | Reached skill level 10 in Dodging
 16515 | D:11     | Gained mutation: You have a sharp stinger which inflicts
                  | weakening toxins. [demonic ancestry]
 16515 | D:11     | Reached XP level 12. HP: 52/99 MP: 5/12
 16557 | D:11     | Identified the ring "Usunwaer" {rC+ Str+6}
 16557 | D:11     | Noticed a centaur warrior
 16630 | D:11     | Killed a centaur warrior
 16801 | D:11     | Reached skill level 11 in Fighting
 16850 | D:11     | Identified the ring of the Saviour {Fire rElec Stlth+}
 16856 | D:11     | Identified the ring of the Forging Gods {SInv Stlth+}
 16856 | D:11     | Noticed a centaur warrior
 16864 | D:11     | Killed from afar by an efreet

Illustrated notes

Levels and vault maps discovered:
D:1:      minmay_arrival_loop, layout_basic, dilly_ecumenical_altar_fadedgnrine
D:2:      layout_basic, serial_corexii_hall, corexii_hall_statues_i,
          corexii_hall_statues_l, uniq_jessica
D:3:      layout_basic, nicolae_wu_jian_immortal_techniques,
          chequers_serial_rivers_micro_b, item_on_display_b
D:4:      layout_basic, mainiacjoe_overflow_brackets,
          minmay_temple_entry_crystal_x, uniq_blork_the_orc
D:5:      layout_gridville, old_standard_altar, kennysheep_generic_room_14,
          uniq_menkaure, uniq_grinder, uniq_eustachio
D:6:      layout_cave_pods, slow_altar_1, mainiacjoe_overflow_two_lobes,
          mainiacjoe_overflow_small_starburst, serial_glass, glass_columns_a,
          glass_columns_a, minmay_diced_spiral
D:7:      layout_loops_corners, nemelex_dance_club_becter,
          nicolae_qazlal_style_of_elements, grunt_decor_clamped
D:8:      layout_basic, minmay_crossroads, uniq_erica, uniq_gastronok, uniq_grum
D:9:      layout_stronghold, mainiacjoe_overflow_six_doors_small,
          serial_column_ruins, column_ruins_square_medium,
          column_ruins_columns_dead_end, column_ruins_corridor_T,
          column_ruins_open_tiny, column_ruins_grid_1, column_ruins_grid_1,
          column_ruins_grid_2, minmay_protected_statue
D:10:     layout_rooms, mainiacjoe_overflow_paths,
          lemuel_coloured_pillars_altar, grunt_lair_entry_orc_guard_hut
D:11:     minmay_the_grid_triangle_9x9_line_8_mashed
          [minmay_the_grid_triangle_9x9_thin_v,
          minmay_the_grid_triangle_9x9_dagger,
          minmay_the_grid_triangle_9x9_sparse_checkered,
          minmay_the_grid_triangle_9x9_windchime,
          minmay_the_grid_triangle_9x9_pentomino_pain,
          minmay_the_grid_triangle_9x9_zippers_horizontal,
          minmay_the_grid_triangle_9x9_wacky_v,
          minmay_the_grid_triangle_9x9_prize_special], layout_basic,
          gauntlet_entry_generic
Temple:   chequers_temple_sunken

Skill      XL: |  1  2  3  4  5  6  7  8  9 10 11 12 |
---------------+-------------------------------------+-----
Dodging        | 2 3 4 5 6 7 8 10 | 10.1
Unarmed Combat | 3 5 |  5.8
Shapeshifting  | 3 4 5 6 7 8 |  8.9
Fighting       | 2 3 4 5 6 8 9 10 11 | 11.0
Maces & Flails | 4 |  4.0

Action                     |  1- 3 |  4- 6 |  7- 9 | 10-12 || total
---------------------------+-------+-------+-------+-------++-------
  Melee: Unarmed           |    80 |   201 |   152 |       ||   433
         Punch             |     2 |     4 |    10 |     2 ||    18
         Tailslap          |     8 |    28 |    43 |    45 ||   124
         Headbutt          |       |       |    47 |    45 ||    92
         Morningstar       |       |       |    90 |   144 ||   234
         Quarterstaff      |       |       |       |   113 ||   113
Ability: Lunge             |       |    10 |    22 |    21 ||    53
         Whirlwind         |       |       |    10 |    38 ||    48
  Evoke: Wand              |       |       |       |     6 ||     6
         Phial of floods   |       |       |       |     1 ||     1
    Use: Scroll            |     4 |     8 |    11 |     3 ||    26
         Potion            |     1 |     1 |       |     5 ||     7
   Stab: Sleeping          |     1 |     2 |       |       ||     3
 Armour: Animal skin       |    15 |     9 |       |       ||    24
         Skin              |     4 |       |       |       ||     4
         Chain mail        |       |    48 |    69 |       ||   117
         Plate armour      |       |       |     6 |   104 ||   110
  Dodge: Dodged            |    45 |   117 |   178 |   237 ||   577

Table legend: (Time is in decaauts)
 A = Elapsed time spent in this place.
 B = Non-inter-level travel time spent in this place.
 C = Inter-level travel time spent in this place.
 D = Time resting spent in this place.
 E = Time spent auto-exploring this place.
 F = Levels seen in this place.
 G = Mean time per level.
                   A        B        C        D        E       F      G
               +--------+--------+--------+--------+--------+-----+--------+
         Total |  16989 |  16308 |    681 |   3331 |  10316 |  12 | 1415.8 |
       Dungeon |  16746 |  16065 |    681 |   3090 |  10316 |  11 | 1522.4 |
        Temple |    242 |    242 |      0 |    241 |      0 |   1 |  242.0 |
               +--------+--------+--------+--------+--------+-----+--------+

Top non-repeatable levels by time:
     D:8: 2110 daAuts
     D:7: 1836 daAuts
     D:3: 1748 daAuts
     D:6: 1641 daAuts
     D:9: 1627 daAuts
     D:2: 1409 daAuts
     D:4: 1361 daAuts
    D:11: 1291 daAuts
     D:1: 1287 daAuts
    D:10: 1277 daAuts
     D:5: 1155 daAuts
  Temple: 242 daAuts
